 Dungeon Crawl Stone Soup version 0.21-a0-444-g29a2fec (webtiles) character file.

76 Zeege the Gusty (level 4, -14/24 HPs)
             Began as a Tengu Air Elementalist on Nov 17, 2017.
             Was an Initiate of Vehumet.
             Demolished by an orc warrior
             ... wielding a +0 battleaxe
              (16 damage)
             ... on level 2 of the Dungeon.
             The game lasted 00:07:39 (2797 turns).

Zeege the Gusty (Tengu Air Elementalist)            Turns: 2797, Time: 00:07:41

Health: -14/24     AC:  2    Str:  9    XL:     4   Next: 32%
Magic:  6/8        EV: 12    Int: 16    God:    Vehumet [......]
Gold:   151        SH:  0    Dex: 14    Spells: 7/8 levels left

rFire    . . .     SeeInvis .   j - +0 dagger (venom)
rCold    . . .     Gourm    .   (no shield)
rNeg     . . .     Faith    .   a - +0 robe
rPois    .         Spirit   .   (helmet restricted)
rElec    .         Reflect  .   (no cloak)
rCorr    .         Harm     .   (no gloves)
MR       .....                  (boots unavailable)
Stlth    ++........             (no amulet)
HPRegen  0.08/turn              (no ring)
MPRegen  0.11/turn              (no ring)

@: no status effects
A: beak, talons 3
a: Renounce Religion


You were on level 2 of the Dungeon.
You worshipped Vehumet.
Vehumet was noncommittal.
You were not hungry.

You visited 1 branch of the dungeon, and saw 3 of its levels.

You collected 151 gold pieces.

Inventory:

Hand Weapons
 d - a +0 dagger
 f - a +2 hand axe of flaming
 j - a +0 dagger of venom (weapon)
Armour
 a - a +0 robe (worn)
Scrolls
 k - a scroll of remove curse {unknown}
 l - 2 scrolls of identify {unknown}
Potions
 e - a potion of curing {unknown}
 h - a potion of heal wounds {unknown}
 m - a potion of degeneration {unknown}
 o - a potion of ambrosia {unknown}
 p - 2 potions of haste {unknown}
Books
 b - a book of Air

   Spells                             Type                      Level
   a - Shock                          Conjuration/Air              1
   b - Swiftness                      Charms/Air                   2
   c - Static Discharge               Conjuration/Air              3
   d - Airstrike                      Air                          4
   e - Lightning Bolt                 Conjuration/Air              5
Comestibles
 c - 2 bread rations
 g - 3 fruits
 i - 2 meat rations
 n - 2 royal jellies


   Skills:
 + Level 0.1 Fighting
 + Level 0.3 Short Blades
 - Level 2.1 Dodging
 - Level 2.0 Stealth
 + Level 2.5 Spellcasting
 + Level 2.1 Conjurations
 * Level 5.8 Air Magic


You had 7 spell levels left.
You knew the following spells:

 Your Spells              Type           Power        Failure   Level  Hunger
a - Shock                 Conj/Air       ##..         3%          1    #......


Dungeon Overview and Level Annotations

Branches:
Dungeon (3/15)

Altars:
Ashenzari
Nemelex Xobeh
Trog
Vehumet


Innate Abilities, Weirdness & Mutations

You have a beak for a mouth.
You have claws for feet.


Message History

You barely miss the orc warrior.
The orc warrior is heavily wounded.
You hit the orc warrior but do no damage.
The orc warrior is poisoned.
The orc warrior is heavily wounded.
The orc warrior closely misses you.
You hit the orc warrior but do no damage.
The orc warrior looks as sick as possible!
Your peck misses the orc warrior.
The orc warrior is heavily wounded.
The orc warrior closely misses you.
Things that are here:
a leather armour; a flail You hit the orc warrior but do no damage.
You claw the orc warrior, but do no damage.
Your peck misses the orc warrior.
The orc warrior is almost dead.
The orc warrior hits you with a battleaxe!
Ouch! That really hurt!
You die...

######## #......# #######
#......####.....#
####....._#........#
..........#........#
...#.....)#.>......#
...#..#####.....############
................@o....[>...#
....§§.###......##########.#
...§...# #.###### #.#
##.§§..# #.# ############.#
#.....###.# #..........#.#
##....§.##.# #.########.#[#
....###.##.# #.# #.#.# ....#
#..#.# #.# #.#.#
....####.#.# #.# #.#.#


You could see an orc warrior.

Vanquished Creatures
  An orc priest (D:3)
  4 orcs
  6 bats
  2 giant cockroaches (D:1)
  4 hobgoblins
  3 jackals (D:1)
  A quokka (D:2)
  A ball python (D:1)
  3 frilled lizards
  5 goblins
  8 kobolds
  3 rats
41 creatures vanquished.

Notes
Turn   | Place    | Note
-------+----------+-------------------------------------------
     0 | D:1      | Zeege the Tengu Air Elementalist began the quest for the Orb.
     0 | D:1      | Reached XP level 1. HP: 10/10 MP: 4/4
   290 | D:1      | Reached XP level 2. HP: 14/15 MP: 3/6
   484 | D:1      | Reached skill level 5 in Air Magic
   514 | D:1      | Reached XP level 3. HP: 13/19 MP: 0/7
  1219 | D:2      | Found a radiant altar of Vehumet.
  1227 | D:2      | Found a shattered altar of Ashenzari.
  1247 | D:2      | Became a worshipper of Vehumet
  1336 | D:2      | Found a bloodstained altar of Trog.
  1517 | D:2      | Found a sparkling altar of Nemelex Xobeh.
  1671 | D:2      | Found a faded altar of an unknown god.
  2645 | D:3      | Reached XP level 4. HP: 14/24 MP: 8/8
  2760 | D:3      | Noticed an orc warrior
  2784 | D:3      | HP: 1/24 [orc warrior/battleaxe (6)]
  2797 | D:2      | Demolished by an orc warrior

Vault maps used:
D:1:      sevenhm_arrival_forest_fort_large_2
D:2:      fiery_altar_vehumet, bloody_trog, overflow_temple_1_default,
          nicolae_overflow_crystal_walls, chequers_ecumenical_altar_twisty
D:3:      first_bread, lemuel_another_geyser, uniq_grinder

Skill      XL: |  1  2  3 |
---------------+----------+-----
Air Magic      | 5 |  5.8
Conjurations   | 2 |  2.1
Fighting       | |  0.1
Short Blades   | |  0.3
Dodging        | |  2.1
Stealth        | |  2.0
Spellcasting   | |  2.5

Action                   |  1- 3 |  4- 6 || total
-------------------------+-------+-------++-------
Melee: Dagger            |    56 |     6 ||    62
       Kick              |    12 |     1 ||    13
       Peck              |     9 |     1 ||    10
 Cast: Shock             |    56 |     7 ||    63
 Stab: Sleeping          |     2 |       ||     2
  Eat: Chunk             |     4 |     2 ||     6
       Fruit             |     1 |       ||     1
Armor: Robe              |    16 |       ||    16
Dodge: Dodged            |    58 |     3 ||    61

Table legend:
 A = Spawn XP
 B = Non-spawn XP
 C = Spawn XP percentage of total XP
 D = Spawn monster count
 E = Non-spawn monster count
 F = Spawn count percentage of total count
 G = Total turns spent on level
                    A         B        C        D         E        F      G
               +---------+---------+-------+---------+---------+-------+---------
         Total |       0 |     109 |   0.0 |       0 |      41 |   0.0 |  2797
               +---------+---------+-------+---------+---------+-------+---------
           D:1 |       0 |      40 |   0.0 |       0 |      25 |   0.0 |  1107
           D:2 |       0 |      14 |   0.0 |       0 |       8 |   0.0 |  1492
           D:3 |       0 |      55 |   0.0 |       0 |       8 |   0.0 |   198
               +---------+---------+-------+---------+---------+-------+---------
